 Dungeon Crawl Stone Soup version 0.18-a0-674-g00855b9 (webtiles) character file.

1830570 comborobin the Grand Gadgeteer (level 25, 145/145 HPs)
             Began as a Vine Stalker Necromancer on Dec 6, 2015.
             Was the Champion of Pakellas.
             Escaped with the Orb
             ... and 3 runes!
             The game lasted 02:48:05 (54403 turns).

comborobin the Grand Gadgeteer (VSNe)              Turns: 54403, Time: 02:48:05

Health: 145/145    AC: 43    Str: 21    XL:     25   Next: 83%
Magic:  47/47      EV: 36    Int: 13    God:    Pakellas [******]
Gold:   3011       SH: 10    Dex: 25    Spells: 2 memorised, 21 levels left

rFire  + + +     SeeInvis .     a - +18 lance "Wyrmbane" {slay drac, +Rage rPois rF+ AC+5}
rCold  . . .     Clarity  .     j - +9 scale mail "Onimoren" {rElec Str+3 Stlth+}
rNeg   . . .     SustAt   .     x - +3 buckler {AC+3}
rPois  +         Gourm    .     I - +2 hat {MR+}
rElec  +         Spirit   +     M - +2 cloak
rCorr  .         Dismiss  .     E - +2 pair of gloves {Dex+3}
rMut   .         Stasis   .     U - +2 pair of boots {run}
MR     ++++.                    o - amulet "Kacutt" {Spirit rF++ MP+9}
Stlth  ++........               N - +5 ring of protection
                                h - ring of Shaolin {EV+8}

@: very slightly contaminated, quick, incredibly resistant to hostile
enchantments, unstealthy
A: fangs 3, regeneration 3, screaming 1, magic shield, antimagic bite, no device
heal 3, rot immunity, MP-powered wands
a: Quick Charge, Device Surge, Supercharge, Renounce Religion, Evoke Berserk
Rage
0: Orb of Zot
}: 3/15 runes: decaying, silver, gossamer


You escaped.
You worshipped Pakellas.
Pakellas was exalted by your worship.
You were not hungry.

You visited 11 branches of the dungeon, and saw 55 of its levels.
You also visited: Bailey, Ice Cave and Volcano.

You collected 8334 gold pieces.
You spent 5323 gold pieces at shops.

Inventory:

Hand Weapons
 a - the +18 lance "Wyrmbane" (weapon) {slay drac, +Rage rPois rF+ AC+5}
   (You bought it in a shop on level 3 of the Orcish Mines)

   It affects your AC (+5).
   It protects you from fire.
   It protects you from poison.
   It lets you go berserk.
Missiles
 z - 6 throwing nets (quivered)
Armour
 j - the +9 scale mail "Onimoren" (worn) {rElec Str+3 Stlth+}
   (You found it on level 5 of the Lair of Beasts)

   It affects your strength (+3).
   It insulates you from electricity.
   It makes you more stealthy.
 x - a +3 buckler of protection (worn)
 E - a +2 pair of gloves of dexterity (worn)
 I - a +2 hat of magic resistance (worn)
 M - a +2 cloak (worn)
 U - a +2 pair of boots of running (worn)
Rods
 b - a +7 rod of ignition (12/12)
   (Pakellas gifted it to you on level 11 of the Dungeon)
 C - a -1 rod of shadows (13/13)
   (You found it in a volcano)
Jewellery
 h - the ring of Shaolin (left hand) {EV+8}
   (You bought it in a shop on level 3 of the Orcish Mines)

   [ring of evasion]

   It affects your evasion (+8).
 o - the amulet "Kacutt" (around neck) {Spirit rF++ MP+9}
   (You found it on level 2 of the Depths)

   [amulet of guardian spirit]

   It causes incoming damage to be split between your health and magic.
   It greatly protects you from fire.
   It affects your magic capacity (+9).
 H - the amulet "Feutynwe" {rC+ Regen+}
   (You found it on level 3 of the Elven Halls)

   [amulet of regeneration]

   It protects you from cold.
   It increases your rate of regeneration.
 N - a +5 ring of protection (right hand)
Wands
 n - a wand of invisibility (1)
 v - a wand of hasting (4)
 B - a wand of paralysis (10)
 G - a wand of digging (4)
 J - a wand of random effects (23)
 P - a wand of teleportation (5)
 W - a wand of paralysis (2)
 X - a wand of disintegration (13)
Scrolls
 g - 26 scrolls of remove curse
 q - 9 scrolls of fear
 r - 8 scrolls of teleportation {!r}
 t - 18 scrolls of identify
 w - 9 scrolls of recharging
 A - 9 scrolls of fog
 K - a scroll of holy word
 V - 2 scrolls of enchant armour
 Y - 2 scrolls of summoning
Potions
 d - 14 potions of curing
 e - a potion of agility
 k - 2 potions of magic
 m - 4 potions of flight
 s - 2 potions of cancellation
 F - a potion of resistance
 R - 6 potions of haste
 T - 2 potions of might
Miscellaneous
 i - a box of beasts {used: 6}
 l - the horn of Geryon
 u - a plain deck of summoning {drawn: 3}
 y - a lamp of fire
 O - an ornate deck of wonders {the Alchemist}
 Q - a legendary deck of summoning {drawn: 2}
 S - a fan of gales
 Z - a sack of spiders {used: 1}
Comestibles
 c - 5 bread rations {@e1}
 f - 40 fruits
 p - 14 meat rations {@e2}


   Skills:
 + Level 19.2 Fighting
 - Level 12.1 Maces & Flails
 - Level 12.2 Polearms
 - Level 9.8 Armour
 - Level 18.1 Dodging
 - Level 11.2 Stealth
 - Level 5.4 Shields
 - Level 2.1 Spellcasting
   Level 4.0 Necromancy
 - Level 20.9 Evocations


You had 21 spell levels left.
You knew the following spells:

 Your Spells              Type           Power        Failure   Level  Hunger
a - Repel Missiles        Chrm/Air       #.....       83%         2    ###....
b - Phase Shift           Tloc           #.........   100%        5    ######.


Dungeon Overview and Level Annotations

Branches:
Dungeon (15/15)            Temple (1/1) D:5            Lair (8/8) D:11
  Swamp (4/4) Lair:6       Spider (4/4) Lair:4        Slime (0/6) Lair:6
    Orc (4/4) D:11            Elf (3/3) Orc:4        Vaults (5/5) D:13
  Crypt (0/3) Vaults:2     Depths (5/5) D:15           Hell (1/1)
    Tar (0/7) Hell            Zot (5/5) Depths:5
    Dis: Hell:1         Geh: Hell:1         Coc: Hell:1

Altars:
Ashenzari
Cheibriados
Dithmenos
Elyvilon
Fedhas
Gozag
Kikubaaqudgha
Makhleb
Nemelex Xobeh
Okawaru
Pakellas
Qazlal
Ru
Sif Muna
Trog
Vehumet
Xom
Yredelemnul
Zin
The Shining One

Shops:
D:8 *   Orc:3 (}}(=   Orc:4 :*[(*   Elf:1 [   Elf:2 }   Vaults:2 }*([
Vaults:4 (   Depths:2 %

Portals:
Hell: Lair:8
Abyss: Depths:3

Annotations:
Orc:3 exclusion: downstairs
Elf:2 3 runed doors


Innate Abilities, Weirdness & Mutations

You have razor-sharp teeth.
You regenerate.
When hurt, damage is shared between your health and your magic reserves.
Your bite disrupts and absorbs the magic of your enemies.
Potions and wands cannot restore your health.
You are immune to rotting.
You occasionally shout uncontrollably at your foes.
You expend magic power (3 MP) to strengthen your wands.


Message History

(V) Vaults (C) Crypt (U) Depths (H) Hell (Y) Tartarus (Z) Zot
Where to? (Enter - D:1 @ (x,y), ? - help)
A rat comes into view.
Health restored: 145 Attack whom?
Press: ? - help, Dir - move target cursor, f - rat
Aim: a rat (hasn't noticed you)
You reach to attack!
You impale the rat!! Pakellas accepts your kill.
No target in view!
No target in view!
(D) Dungeon (T) Temple (L) Lair (S) Swamp (N) Spider Nest (M) Slime Pits (O) Orcish Mines (E) Elven Halls (V) Vaults (C) Crypt (U) Depths (H) Hell (Y) Tartarus (Z) Zot
Where to? (Enter - D:1 @ (x,y), ? - help)
There is an open door here.
There is a staircase leading out of the dungeon here.
You have escaped!

##### ##### #####
#...###...###...###
#...............##.
#...###...###...##.
##### ##### ##.###.
#...###...###...##.
#.@.............##.
#...###...###...##.
##.## ##### ######.
#...###...###...##.
#...............##.
#...###...###...#..
##############'##..
#...............
#.##...#.#>(....


There were no monsters in sight!

Vanquished Creatures
  2 orbs of fire
  4 ancient liches
  Norris (Spider:3)
  A curse toe (Zot:2)
  Geryon (Hell)
  Nikola (Swamp:3)
  A golden dragon (Depths:5)
  2 bone dragons (Depths:5)
  Arachne (Spider:3)
  The ghost of tedric the Warrior, a veteran KoAM of Yredelemnul (Vaults:5)
  A hellephant (Hell)
  Jorgrun (Swamp:4)
  Rupert (D:15)
  4 tentacled monstrosities
  6 titans (Vaults:5)
  Asterion (Spider:3)
  26 Orb Guardians
  2 deep elf blademasters (Elf:3)
  2 deep elf master archers (Elf:3)
  2 Shadow Fiends
  3 sphinxes
  A quicksilver dragon (Vaults:5)
  3 death cobs
  Frances (Spider:2)
  5 shadow dragons
  10 storm dragons
  A thorn hunter (Swamp:3)
  2 tengu reavers
  2 draconian monks (Zot:2)
  A corrupter (D:12)
  4 draconian knights
  Donald (Spider:1)
  3 fire giants
  2 iron dragons
  Maud (Lair:3)
  2 frost giants
  2 orc warlords (Orc:4)
  3 ghost moths
  18 vault wardens
  8 deep elf sorcerers
  A warmonger (D:12)
  2 draconian scorchers
  2 emperor scorpions (Spider:2)
  A draconian zealot (Zot:2)
  2 draconian annihilators (Zot:2)
  The ghost of GeneralIdiocy the Black Belt, a journeyman DsMo of Pakellas (Swamp:4)
  13 ironheart preservers
  A reaper (Hell)
  12 stone giants
  2 draconian shifters
  A vampire knight (Depths:5)
  2 war gargoyles
  10 very ugly things
  2 salamander stormcallers
  3 black draconians
  4 green draconians
  2 draconian callers
  Nessos (D:13)
  9 deep elf demonologists
  2 spark wasps
  16 deep elf annihilators
  3 yellow draconians (Zot:2)
  Azrael (Spider:1)
  5 mottled draconians
  3 red draconians
  6 white draconians
  3 purple draconians
  An ettin (shapeshifter) (Vaults:4)
  7 ettins
  Snorg (Orc:4)
  A crystal guardian (Vaults:2)
  13 deep elf death magi
  11 fire dragons
  7 ogre magi
  27 vault guards
  4 deep elf high priests
  15 yaktaur captains
  A rakshasa (Vaults:2)
  2 death knights (Vaults:2)
  26 hydras
  5 ice dragons
  A monstrous demonspawn (Depths:5)
  A hell beast (Lair:8)
  Erica (D:8)
  3 entropy weavers
  The ghost of Vidar the Cleaver, a novice MiBe of Trog (D:11)
  5 centaur warriors
  3 large abominations
  6 dancing weapons
  A tengu warrior (Depths:1)
  A deep troll shaman (Vaults:4)
  The ghost of gammafunk the Cleaver, a novice MiBe of Trog (Orc:2)
  3 alligators (Swamp:4)
  7 death yaks
  3 orc high priests (Orc:4)
  A spriggan berserker (Depths:4)
  A soul eater (Depths:2)
  4 spriggans
  18 deep elf knights
  3 shadow wraiths
  A salamander mystic (Vaults:4)
  4 sun demons (Hell)
  2 small abominations
  17 skeletal warriors
  4 unseen horrors
  10 hell knights
  A giant orange brain (shapeshifter) (Vaults:5)
  5 deep trolls
  4 hill giants
  A fire crab (Vaults:4)
  4 giant orange brains
  2 spriggan druids (Swamp:3)
  A death drake (shapeshifter) (Vaults:2)
  12 swamp dragons
  4 shambling mangroves
  10 deep elf conjurers
  11 ironbrand convokers
  5 deep elf summoners
  2 obsidian statues (Zot:5)
  Pikel (D:8)
  A lindwurm (Volcano)
  3 phantasmal warriors (Vaults:5)
  An anaconda skeleton (Hell)
  4 flayed ghosts
  7 harpies (Vaults:2)
  3 wizards
  11 hornets
  2 sixfirhies
  An orb spider (shapeshifter) (Vaults:5)
  10 orc knights
  15 orb spiders
  A torturous demonspawn (D:12)
  15 orc sorcerers
  6 necromancers
  An oklob plant (Lair:8)
  38 wolf spiders
  29 ugly things
  7 griffons
  A lindwurm (shapeshifter) (Vaults:5)
  6 moths of wrath
  6 cyclopes
  21 elephants
  4 centaur zombies
  A guardian serpent (shapeshifter) (Vaults:4)
  5 manticores
  A molten gargoyle (Volcano)
  3 salamanders (Vaults:4)
  2 rust devils
  10 black mambas
  A toenail golem (Volcano)
  15 spiny frogs
  11 vault sentinels
  A torpor snail (Spider:2)
  3 ice statues (IceCv)
  3 gargoyles
  A komodo dragon (shapeshifter) (Depths:2)
  3 kobold demonologists
  6 smoke demons
  2 spiny frogs (shapeshifter)
  2 orange demons
  A hellion (D:13)
  12 demonic crawlers
  2 tengu conjurers
  2 hellwings
  4 komodo dragons
  6 trolls
  46 yaktaurs
  5 freezing wraiths
  4 ice devils
  11 deep elf priests
  5 fire drakes
  6 red devils
  18 jumping spiders
  2 polar bears (Lair:3)
  A harpy zombie (D:15)
  A wind drake (D:9)
  37 blink frogs
  2 fire drakes (shapeshifter)
  3 giant leeches
  6 two-headed ogres
  24 slime creatures
  6 bog bodies
  5 boulder beetles
  3 water elementals
  21 tarantellas
  30 trapdoor spiders
  2 redbacks (shapeshifter)
  3 shadows
  7 wyverns
  A centaur simulacrum (D:13)
  18 deep elf magi
  19 deep elf fighters
  4 fire elementals
  67 redbacks
  A spriggan (shapeshifter) (Depths:2)
  9 basilisks
  3 wraiths
  A human (D:13)
  A yak (shapeshifter) (Elf:2)
  An emperor scorpion simulacrum (Hell)
  A hungry ghost (D:11)
  A hippogriff (shapeshifter) (Elf:2)
  15 hippogriffs
  A steam dragon (Orc:4)
  6 insubstantial wisps (Swamp:4)
  3 mottled dragons
  20 wolves
  10 wargs
  34 yaks
  9 swamp worms
  A mottled dragon (shapeshifter) (Vaults:4)
  5 hell hounds
  2 nagas
  A soldier ant (shapeshifter) (Vaults:2)
  10 porcupines
  20 vampire mosquitoes
  14 wasps
  An eye of draining (D:14)
  2 soldier ants
  44 orc warriors
  19 water moccasins
  3 slaves (D:8)
  15 swamp drakes
  4 black bears
  A centaur (shapeshifter) (Vaults:5)
  16 ice beasts
  2 necrophages
  29 ogres
  A sky beast (shapeshifter) (Vaults:4)
  3 phantoms
  A sky beast (D:7)
  5 boggarts
  An eye of draining (shapeshifter) (Vaults:1)
  3 centaurs
  23 crocodiles
  4 big kobolds
  A gnoll sergeant (D:8)
  28 giant frogs
  A wyvern skeleton (D:11)
  9 killer bees
  5 scorpions
  8 wights
  An electric eel (Spider:3)
  5 crimson imps
  2 giant frog zombies
  A human simulacrum (Vaults:2)
  34 orc priests
  4 hounds
  7 jellies
  A quasit (D:7)
  8 centaur skeletons
  Jessica (D:3)
  5 giant frog skeletons
  13 iguanas
  22 sheep
  6 hell rats (Lair:8)
  7 worker ants
  49 orc wizards
  A hound zombie (D:6)
  A hound skeleton (D:7)
  14 gnolls
  61 river rats
  3 worker ant zombies
  10 adders
  3 shadow imps
  A white imp (D:5)
  3 adder zombies
  An ooze (D:1)
  3 adder skeletons
  3 worms
  12 giant geckos
  247 orcs
  3 ball pythons
  4 giant cockroaches
  10 hobgoblins
  14 jackals
  5 quokkas
  7 bats
  A giant gecko skeleton (D:6)
  A giant gecko zombie (D:7)
  4 giant newts
  3 goblins
  12 kobolds
  A quokka (shapeshifter) (Vaults:5)
  7 rats
  A bush (Lair:3)
  A butterfly (Lair:3)
  4 crawling corpses
  2 fire vortices (Volcano)
  2 plants (Lair:8)
2186 creatures vanquished.

Vanquished Creatures (collateral kills)
  An ancient lich (Zot:5)
  A juggernaut (Depths:2)
  Saint Roka (Vaults:1)
  A curse toe (Zot:3)
  A Killer Klown (Zot:5)
  An electric golem (Zot:5)
  A tentacled monstrosity (Zot:3)
  A titan (Vaults:5)
  Gastronok (D:8)
  A death cob (Zot:2)
  A storm dragon (Zot:2)
  A vault warden (Vaults:5)
  An ironheart preserver (Vaults:5)
  A deep elf annihilator (Vaults:5)
  A reaper (Hell)
  A red draconian (Zot:2)
  The ghost of jestert79 the Severer, a journeyman DrBe of Trog (Lair:3)
  A vault guard (Vaults:5)
  An ice dragon (Zot:5)
  A wolf spider (Spider:3)
  A deep elf conjurer (Vaults:5)
  A moth of wrath (Zot:5)
  A red devil (Hell)
  2 freezing wraiths (Vaults:5)
  A redback (Spider:3)
  An ice beast (D:8)
  2 orc warriors
  A crimson imp (Hell)
  A centaur skeleton (D:8)
  2 orcs (D:8)
33 creatures vanquished.

Vanquished Creatures (others)
  A draconian zealot (Zot:4)
  A wolf spider (Spider:2)
  A demonic crawler (Spider:2)
  An ice devil (Hell)
  2 redbacks
  A trapdoor spider (Spider:1)
  A hell hound (Spider:1)
  An orc wizard (D:6)
  11 fungi
  8 plants
28 creatures vanquished.

Grand Total: 2247 creatures vanquished

Notes
Turn   | Place    | Note
--------------------------------------------------------------
     0 | D:1      | comborobin the Vine Stalker Necromancer began the quest for the Orb.
     0 | D:1      | Reached XP level 1. HP: 9/9 MP: 4/4
   118 | D:1      | Reached skill level 1 in Maces & Flails
   180 | D:1      | Reached XP level 2. HP: 13/13 MP: 3/6
   569 | D:1      | Reached XP level 3. HP: 16/16 MP: 7/7
   678 | D:1      | Reached skill level 1 in Armour
  1063 | D:2      | Reached skill level 2 in Maces & Flails
  1195 | D:2      | Found an iron altar of Okawaru.
  1244 | D:2      | Reached XP level 4. HP: 17/21 MP: 8/8
  1613 | D:3      | Found a radiant altar of Vehumet.
  1883 | D:3      | Reached skill level 2 in Armour
  1910 | D:3      | Noticed Jessica
  1929 | D:3      | Killed Jessica
  1973 | D:3      | Reached XP level 5. HP: 22/24 MP: 9/9
  2386 | D:4      | Noticed an ogre
  2406 | D:4      | Reached skill level 3 in Armour
  2435 | D:4      | Killed an ogre
  2435 | D:4      | Reached skill level 3 in Maces & Flails
  2435 | D:4      | Gained mutation: You heal very quickly. [Vine Stalker growth]
  2435 | D:4      | Reached XP level 6. HP: 28/28 MP: 8/10
  2590 | D:4      | Found a sparkling altar of Nemelex Xobeh.
  2637 | D:4      | Reached skill level 4 in Armour
  2734 | D:4      | Found an oddly glowing altar of Pakellas.
  3166 | D:5      | Entered Level 5 of the Dungeon
  3167 | D:5      | Found a staircase to the Ecumenical Temple.
  3187 | Temple   | Entered the Ecumenical Temple
  3348 | D:4      | Became a worshipper of Pakellas the Inventive
  3437 | D:5      | Found a white marble altar of Elyvilon.
  3475 | D:5      | Reached XP level 7. HP: 32/32 MP: 11/11
  3811 | D:5      | Reached skill level 5 in Armour
  4030 | D:5      | Reached skill level 4 in Maces & Flails
  4254 | D:5      | Gained mutation: You have razor-sharp teeth. [Vine Stalker growth]
  4254 | D:5      | Reached XP level 8. HP: 36/36 MP: 12/12
  4395 | D:6      | Reached skill level 5 in Maces & Flails
  4614 | D:6      | Reached skill level 6 in Maces & Flails
  4813 | D:7      | Found a flagged portal.
  4848 | Bailey   | Entered a bailey
  4866 | Bailey   | Reached * piety under Pakellas
  4948 | D:6      | Reached skill level 7 in Maces & Flails
  5312 | D:7      | Noticed a troll
  5356 | D:7      | Reached skill level 8 in Maces & Flails
  5356 | D:7      | Reached XP level 9. HP: 33/39 MP: 13/13
  5896 | D:7      | Found a stormy altar of Qazlal.
  6373 | D:7      | Reached skill level 9 in Maces & Flails
  6511 | D:7      | Reached skill level 1 in Evocations
  6934 | D:7      | Reached skill level 2 in Evocations
  7202 | D:7      | Noticed a manticore
  7209 | D:7      | Killed a manticore
  7209 | D:7      | Reached skill level 10 in Maces & Flails
  7209 | D:7      | Reached skill level 3 in Evocations
  7325 | D:7      | Reached ** piety under Pakellas
  7325 | D:7      | Received a gift from Pakellas
  7343 | D:7      | Reached XP level 10. HP: 44/44 MP: 14/14
  7379 | D:8      | Found Gozag's Platinum Reserve.
  7379 | D:8      | Found an opulent altar of Gozag.
  7455 | D:8      | Found a bloodstained altar of Trog.
  7583 | D:8      | Reached skill level 4 in Evocations
  7730 | D:8      | Noticed Erica
  7739 | D:8      | Killed Erica
  7889 | D:8      | Noticed Pikel
  7984 | D:8      | Noticed Gastronok
  8107 | D:8      | Killed Pikel
  8107 | D:8      | Reached skill level 1 in Fighting
  8107 | D:8      | Reached skill level 5 in Evocations
  8260 | D:8      | Killed Gastronok
  8260 | D:8      | Reached skill level 2 in Fighting
  8260 | D:8      | Reached skill level 11 in Maces & Flails
  8260 | D:8      | Reached skill level 6 in Evocations
  8608 | D:8      | Found a shadowy altar of Dithmenos.
  9067 | D:9      | Reached XP level 11. HP: 43/51 MP: 12/16
  9090 | D:9      | Reached skill level 3 in Fighting
  9521 | D:9      | Reached skill level 7 in Evocations
  9524 | D:9      | Found a blossoming altar of Fedhas.
  9537 | D:9      | Noticed Maurice
  9570 | D:9      | Noticed Maurice
  9570 | D:9      | Maurice changed into Maurice the wind drake
  9596 | D:9      | Killed Maurice the wind drake
  9694 | D:9      | Reached *** piety under Pakellas
 10055 | D:9      | Found a deep blue altar of Sif Muna.
 10189 | D:10     | Entered Level 10 of the Dungeon
 10339 | D:10     | Noticed a hill giant
 10351 | D:10     | Killed a hill giant
 10351 | D:10     | Reached skill level 4 in Fighting
 10351 | D:10     | Reached skill level 12 in Maces & Flails
 10584 | D:10     | Got an ichor-stained chain mail
 10595 | D:10     | Identified the +3 chain mail "Pexemus" {+Inv Str+4 Int+3} (You found it on level 10 of the Dungeon)
 10982 | D:11     | Found a staircase to the Orcish Mines.
 10991 | D:11     | Reached **** piety under Pakellas
 10991 | D:11     | Received a gift from Pakellas
 11007 | D:11     | Identified a +4 rod of ignition (9/9) (Pakellas gifted it to you on level 11 of the Dungeon)
 11117 | D:11     | Found a staircase to the Lair.
 11190 | D:11     | Noticed Vidar's ghost (novice MiBe)
 11414 | D:11     | Reached skill level 5 in Fighting
 11792 | D:11     | Noticed a hill giant
 11797 | D:11     | Killed a hill giant
 12218 | D:12     | Reached skill level 8 in Evocations
 12219 | D:12     | Reached skill level 6 in Fighting
 12243 | D:12     | Gained mutation: You regenerate. [Vine Stalker growth]
 12243 | D:12     | Reached XP level 12. HP: 46/62 MP: 16/19
 12623 | D:12     | Reached skill level 7 in Fighting
 12782 | Orc:1    | Entered Level 1 of the Orcish Mines
 12998 | Orc:2    | Noticed Sonja
 12999 | Orc:2    | Noticed Sonja
 12999 | Orc:2    | Sonja changed into Sonja the crocodile
 13009 | Orc:2    | Killed Sonja the crocodile
 13110 | Orc:2    | Reached skill level 1 in Shields
 13456 | Orc:1    | Reached skill level 2 in Shields
 13801 | Orc:2    | Reached skill level 3 in Shields
 13897 | Orc:2    | Noticed gammafunk's ghost (novice MiBe)
 14062 | Orc:3    | Found Cohohit's Gadget Boutique.
 14205 | Orc:2    | Killed gammafunk's ghost
 14205 | Orc:2    | Reached skill level 4 in Shields
 14225 | Orc:2    | Reached skill level 5 in Shields
 14407 | Orc:3    | Found Vaopn's Weapon Shoppe.
 14624 | Orc:3    | Found Xiotiowa's Gadget Boutique.
 14632 | Orc:3    | Bought a wand of fire (9) for 390 gold pieces
 14748 | Orc:3    | Reached skill level 9 in Evocations
 15146 | Orc:3    | Found Reamp's Weapon Boutique.
 15155 | Orc:3    | Found Founnink's Jewellery Shoppe.
 15158 | Orc:3    | Bought the +8 lance "Wyrmbane" {slay drac, +Rage rPois rF+ AC+5} for 857 gold pieces
 15397 | Orc:4    | Entered Level 4 of the Orcish Mines
 15397 | Orc:4    | Noticed an orc warlord
 15435 | Orc:4    | Reached skill level 1 in Polearms
 15460 | Orc:4    | Found Rutuajalo's Assorted Antiques.
 15473 | Orc:4    | Bought a scroll of teleportation for 66 gold pieces
 15473 | Orc:4    | Bought a wand of draining for 88 gold pieces
 15610 | Orc:4    | Reached ***** piety under Pakellas
 15642 | Orc:4    | Found a staircase to the Elven Halls.
 15662 | Orc:4    | Reached skill level 2 in Polearms
 15699 | Orc:4    | Received a gift from Pakellas
 15740 | Orc:4    | Noticed Snorg
 15765 | Orc:4    | Killed Snorg
 15765 | Orc:4    | Reached skill level 3 in Polearms
 15962 | Orc:4    | Reached skill level 4 in Polearms
 16132 | Orc:4    | Noticed an orc high priest
 16242 | Orc:4    | Reached skill level 5 in Polearms
 16325 | Orc:4    | Reached XP level 13. HP: 63/67 MP: 20/20
 16530 | Orc:4    | Reached skill level 6 in Polearms
 16545 | Orc:4    | Killed an orc warlord
 16548 | Orc:4    | Reached skill level 7 in Polearms
 16938 | Orc:4    | Reached skill level 8 in Polearms
 17044 | Orc:4    | Noticed an orc warlord
 17086 | Orc:4    | Killed an orc warlord
 17092 | Orc:4    | Reached skill level 9 in Polearms
 17248 | Orc:4    | Paralysed by an orc sorcerer for 3 turns
 17372 | Orc:4    | Found Buzastagel's Antique Armour Boutique.
 17373 | Orc:4    | Found Tass's Antique Weapon Boutique.
 17376 | Orc:4    | Found Yqinifiw's General Store.
 17376 | Orc:4    | Found Siegupu's Book Shop.
 17391 | Orc:4    | Bought a scroll of teleportation for 36 gold pieces
 17391 | Orc:4    | Bought a scroll of teleportation for 36 gold pieces
 17533 | Orc:3    | Bought a +5 ring of dexterity for 494 gold pieces
 17651 | Lair:1   | Entered Level 1 of the Lair of Beasts
 17964 | Lair:1   | Reached skill level 10 in Polearms
 19197 | Lair:3   | Noticed jestert79's ghost (journeyman DrBe)
 19203 | Lair:3   | Reached skill level 11 in Polearms
 19210 | Lair:3   | Killed jestert79's ghost
 19260 | Lair:3   | Reached XP level 14. HP: 65/72 MP: 21/21
 19350 | Lair:3   | Noticed Maud
 19383 | Lair:3   | Killed Maud
 19675 | Lair:3   | Found a snail-covered altar of Cheibriados.
 20215 | Lair:4   | Reached skill level 12 in Polearms
 20671 | Lair:4   | Reached skill level 8 in Fighting
 20967 | Lair:4   | Found a hole to the Spider Nest.
 21378 | Lair:5   | Got a brightly glowing scale mail
 21389 | Lair:5   | Identified the +9 scale mail "Onimoren" {rElec Str+3 Stlth+} (You found it on level 5 of the Lair of Beasts)
 21545 | Lair:5   | Received a gift from Pakellas
 21651 | Lair:5   | Reached skill level 9 in Fighting
 21666 | Lair:5   | Got an ancient chain mail
 21687 | Lair:5   | Identified the +4 chain mail of Haegul {rF+ Str+4} (You found it on level 5 of the Lair of Beasts)
 21699 | Lair:5   | Found a dark tunnel.
 21707 | Volcano  | Entered a volcano
 22364 | Lair:6   | Found a staircase to the Swamp.
 22416 | Lair:6   | Reached skill level 10 in Fighting
 22452 | Lair:6   | Found a staircase to the Slime Pits.
 22645 | Lair:6   | Gained mutation: You are partially covered in icy blue scales (AC +1). [potion of beneficial mutation]
 23090 | Lair:7   | Reached skill level 2 in Dodging
 23118 | Lair:7   | Reached skill level 3 in Dodging
 23203 | Lair:7   | Reached skill level 4 in Dodging
 23284 | Lair:7   | Reached XP level 15. HP: 57/80 MP: 18/22
 23290 | Lair:7   | Drew Focus: Dex increased to 17, Int decreased to 14
 23303 | Lair:7   | Drew Focus: Dex increased to 18, Int decreased to 13
 23348 | Lair:7   | Reached skill level 5 in Dodging
 23622 | Lair:7   | Reached skill level 6 in Dodging
 24190 | Lair:8   | Entered Level 8 of the Lair of Beasts
 24222 | Lair:8   | Reached skill level 7 in Dodging
 24284 | Lair:8   | Found a shimmering altar of Xom.
 24408 | Lair:8   | Reached skill level 8 in Dodging
 24731 | Lair:8   | Reached skill level 9 in Dodging
 24758 | Lair:8   | Found a burning altar of Makhleb.
 24861 | Lair:8   | Found a gateway to Hell.
 25626 | Lair:8   | Reached skill level 10 in Dodging
 25877 | Lair:8   | Received a gift from Pakellas
 26348 | Spider:1 | Entered Level 1 of the Spider Nest
 26367 | Spider:1 | Noticed Azrael
 26380 | Spider:1 | Killed Azrael
 26412 | Spider:1 | Reached XP level 16. HP: 64/85 MP: 23/23
 26867 | Spider:1 | Reached skill level 11 in Dodging
 27153 | Spider:2 | Noticed Donald
 27206 | Spider:1 | Killed Donald
 27540 | Spider:2 | You fall through a shaft!
 27577 | Spider:2 | Noticed Norris
 27741 | Spider:2 | Reached skill level 12 in Dodging
 27921 | Spider:2 | Noticed Frances
 27939 | Spider:2 | Killed Frances
 28756 | Spider:2 | Reached skill level 13 in Dodging
 29242 | Spider:2 | You fall through a shaft!
 29918 | Spider:2 | Reached XP level 17. HP: 72/89 MP: 24/24
 30122 | Spider:3 | Killed Norris
 30122 | Spider:3 | Reached skill level 14 in Dodging
 30330 | Spider:3 | Reached skill level 6 in Armour
 30333 | Spider:3 | Noticed Asterion
 30358 | Spider:3 | Killed Asterion
 30370 | Spider:3 | Noticed Arachne
 30389 | Spider:3 | Killed Arachne
 30602 | Spider:3 | Reached skill level 7 in Armour
 31040 | Spider:4 | Entered Level 4 of the Spider Nest
 31081 | Spider:4 | Received a gift from Pakellas
 31123 | Spider:4 | Reached skill level 8 in Armour
 31358 | Spider:4 | Got a gossamer rune of Zot
 31803 | D:13     | Reached skill level 9 in Armour
 31820 | D:13     | Found a gate to the Vaults.
 32336 | D:13     | Noticed Nessos
 32359 | D:13     | Killed Nessos
 32535 | D:13     | Found Wocvuut's Food Emporium.
 32979 | D:14     | Reached skill level 10 in Evocations
 33162 | D:14     | Reached XP level 18. HP: 94/94 MP: 26/26
 33438 | D:14     | Found a glowing golden altar of the Shining One.
 33799 | D:15     | Entered Level 15 of the Dungeon
 33892 | D:15     | Found a staircase to the Depths.
 34059 | D:15     | Found a frozen archway.
 34127 | D:15     | Reached skill level 11 in Evocations
 34159 | IceCv    | Entered an ice cave
 34300 | IceCv    | Got a translucent silver amulet
 34307 | IceCv    | Learned a level 2 spell: Repel Missiles
 34308 | IceCv    | Identified the amulet "Etuot" {Inacc -Tele +Fly Str+6} (You found it in an ice cave)
 34470 | D:15     | Noticed Rupert
 34533 | D:15     | Killed Rupert
 34893 | D:15     | Upgraded the game from 0.18-a0-662-gcaceebc to 0.18-a0-674-g00855b9
 34957 | Vaults:1 | Entered Level 1 of the Vaults
 35053 | Vaults:1 | Reached skill level 12 in Evocations
 35516 | Vaults:1 | Noticed Saint Roka
 35526 | Vaults:1 | Identified a -1 rod of shadows (13/13) (You found it in a volcano)
 35558 | Vaults:1 | Killed Saint Roka
 35641 | Vaults:1 | Reached skill level 13 in Evocations
 36462 | Vaults:2 | Found Uzusim's Gadget Boutique.
 36470 | Vaults:2 | Bought a sack of spiders for 320 gold pieces
 36619 | Orc:3    | Bought the ring of Shaolin {EV+8} for 1536 gold pieces
 37111 | Vaults:2 | Received a gift from Pakellas
 37208 | Vaults:2 | Found Gozag's Antique Armour Shop.
 37216 | Vaults:2 | Found Gozag's Assorted Antiques.
 37225 | Vaults:2 | Found an opulent altar of Gozag.
 37262 | Vaults:2 | Reached skill level 14 in Evocations
 37295 | Vaults:2 | Found Gozag's Antique Weapon Boutique.
 37316 | Vaults:2 | Reached XP level 19. HP: 98/98 MP: 30/30
 37471 | Vaults:2 | Bought a pair of embroidered boots for 450 gold pieces
 37482 | Vaults:2 | Identified a +0 pair of boots of running (You bought it in a shop on level 2 of the Vaults)
 37493 | Vaults:2 | Bought a pair of embroidered gloves for 450 gold pieces
 37792 | Vaults:2 | Reached skill level 15 in Evocations
 37959 | Vaults:2 | Found a staircase to the Crypt.
 38270 | Elf:1    | Entered Level 1 of the Elven Halls
 38549 | Elf:2    | Found Josieda's Gadget Shoppe.
 38583 | Elf:2    | Bought a lamp of fire for 600 gold pieces
 38713 | Elf:2    | Found a runed gate.
 38713 | Elf:2    | Found a runed gate.
 38714 | Elf:2    | Found a runed gate.
 39097 | Elf:2    | Identified a scroll of acquirement
 39247 | Elf:3    | Entered Level 3 of the Elven Halls
 39323 | Elf:3    | Reached skill level 16 in Evocations
 39975 | Elf:3    | Reached skill level 17 in Evocations
 40012 | Elf:3    | Reached XP level 20. HP: 74/102 MP: 33/33
 40780 | Elf:3    | Identified the Catalogue of Snow and Illusion (You found it on level 3 of the Elven Halls)
 40808 | Elf:3    | Got a transparent copper amulet
 40810 | Elf:3    | Identified the amulet "Feutynwe" {rC+ Regen+} (You found it on level 3 of the Elven Halls)
 40864 | Elf:3    | Reached skill level 18 in Evocations
 40942 | Elf:3    | Got a translucent ivory ring
 40945 | Elf:3    | Identified the ring of Cijygas {+Inv Int+3 Dex+4 SInv Stlth-} (You found it on level 3 of the Elven Halls)
 40966 | Elf:3    | Identified Bihinya's Catalogue of Protection (You found it on level 3 of the Elven Halls)
 41152 | Elf:1    | Found Jenin's Armour Shoppe.
 42229 | Vaults:3 | Reached ****** piety under Pakellas
 42336 | Vaults:3 | Received a gift from Pakellas
 42611 | Vaults:3 | Reached skill level 19 in Evocations
 43091 | Vaults:4 | Reached XP level 21. HP: 78/107 MP: 35/35
 43545 | Vaults:4 | Reached skill level 20 in Evocations
 43747 | Vaults:4 | Found Zujol's Antique Weapon Boutique.
 44368 | Vaults:5 | Entered Level 5 of the Vaults
 44462 | Vaults:5 | Noticed an ancient lich
 44754 | Vaults:5 | Reached skill level 3 in Stealth
 44770 | Vaults:5 | Reached skill level 4 in Stealth
 44791 | Vaults:5 | Reached skill level 5 in Stealth
 44999 | Vaults:5 | Reached skill level 6 in Stealth
 45106 | Vaults:5 | Reached skill level 7 in Stealth
 45236 | Vaults:5 | Reached skill level 8 in Stealth
 45327 | Vaults:5 | Noticed tedric's ghost (veteran KoAM)
 45327 | Vaults:5 | Reached skill level 9 in Stealth
 45374 | Vaults:5 | Reached XP level 22. HP: 92/112 MP: 30/37
 45375 | Vaults:5 | Reached skill level 10 in Stealth
 45495 | Vaults:5 | Reached skill level 11 in Stealth
 45787 | Vaults:5 | Reached skill level 11 in Fighting
 46006 | Vaults:5 | Reached skill level 12 in Fighting
 46462 | Vaults:5 | Received a gift from Pakellas
 46536 | Vaults:5 | Killed tedric's ghost
 46673 | Vaults:5 | Reached skill level 13 in Fighting
 46751 | Vaults:5 | Killed an ancient lich
 46766 | Vaults:5 | Got a silver rune of Zot
 46981 | Vaults:5 | Learned a level 5 spell: Phase Shift
 47740 | Swamp:1  | Entered Level 1 of the Swamp
 47919 | Swamp:3  | Reached skill level 14 in Fighting
 48054 | Swamp:3  | Noticed Nikola
 48074 | Swamp:3  | Killed Nikola
 48074 | Swamp:3  | Reached XP level 23. HP: 123/125 MP: 38/38
 48378 | Swamp:4  | Entered Level 4 of the Swamp
 48378 | Swamp:4  | Noticed Jorgrun
 48395 | Swamp:4  | Killed Jorgrun
 48649 | Swamp:4  | Noticed GeneralIdiocy's ghost (journeyman DsMo)
 48690 | Swamp:4  | Killed GeneralIdiocy's ghost
 48690 | Swamp:4  | Reached skill level 15 in Fighting
 48964 | Swamp:4  | Gained mutation: You are occasionally teleported next to monsters. [mutagenic glow]
 49144 | Swamp:4  | Got a decaying rune of Zot
 49628 | Depths:1 | Entered Level 1 of the Depths
 49754 | Depths:2 | Found Laanud's Food Shop.
 49822 | Depths:2 | Reached skill level 16 in Fighting
 49901 | Depths:2 | Noticed a juggernaut
 49918 | Depths:2 | Killed a juggernaut
 50034 | Depths:2 | Got a scintillating emerald amulet
 50037 | Depths:2 | Identified the amulet "Kacutt" {Spirit rF++ MP+9} (You found it on level 2 of the Depths)
 50110 | Depths:3 | Found a one-way gate to the infinite horrors of the Abyss.
 50508 | Hell     | Entered the Vestibule of Hell
 50508 | Hell     | Noticed Geryon
 50603 | Hell     | Killed Geryon
 50629 | Hell     | Found a gateway to the decaying netherworld of Tartarus.
 50657 | Hell     | Reached skill level 15 in Dodging
 50675 | Hell     | Gained mutation: Armour fits poorly on your strangely shaped body. [mutagenic glow]
 50778 | Hell     | Received a gift from Pakellas
 50820 | Lair:8   | Lost mutation: You are occasionally teleported next to monsters. [potion of cure mutation]
 50820 | Lair:8   | Lost mutation: Armour fits poorly on your strangely shaped body. [potion of cure mutation]
 50820 | Lair:8   | Lost mutation: You are partially covered in icy blue scales (AC +1). [potion of cure mutation]
 51343 | Depths:5 | Entered Level 5 of the Depths
 51462 | Depths:5 | Reached XP level 24. HP: 133/133 MP: 38/38
 51595 | Depths:5 | Reached skill level 16 in Dodging
 51620 | Depths:5 | Found a gate to the Realm of Zot.
 51673 | Zot:1    | Entered Level 1 of the Realm of Zot
 51878 | Zot:2    | Noticed an orb of fire
 51911 | Zot:2    | Killed an orb of fire
 52033 | Zot:2    | Reached skill level 17 in Dodging
 52680 | Zot:5    | Entered Level 5 of the Realm of Zot
 52823 | Zot:5    | Reached skill level 18 in Dodging
 52891 | Zot:5    | Noticed an ancient lich
 52932 | Zot:5    | Killed an ancient lich
 52932 | Zot:5    | Reached XP level 25. HP: 120/139 MP: 38/38
 52960 | Zot:5    | Noticed an ancient lich
 52984 | Zot:5    | Killed an ancient lich
 53028 | Zot:5    | Noticed an orb of fire
 53030 | Zot:5    | Noticed an ancient lich
 53032 | Zot:5    | Gained mutation: You expend magic power (3 MP) to strengthen your wands. [an orb of fire]
 53033 | Zot:5    | Gained mutation: You occasionally shout uncontrollably at your foes. [an orb of fire]
 53046 | Zot:5    | Killed an orb of fire
 53046 | Zot:5    | Reached skill level 17 in Fighting
 53071 | Zot:5    | Killed an ancient lich
 53276 | Zot:5    | Reached skill level 18 in Fighting
 53374 | Zot:5    | Got the Orb of Zot
 53469 | Zot:5    | Noticed an ancient lich
 53482 | Zot:5    | Killed an ancient lich
 53613 | Zot:2    | Noticed a seraph
 54088 | D:11     | Reached skill level 19 in Fighting
 54104 | D:11     | Killed Vidar's ghost
 54403 | D:$      | Escaped with the Orb!

Vault maps used:
D:1:      minmay_arrival_nine_rooms, kennysheep_minor_cross, eino_curves_02,
          minmay_misc_feat_roman, serial_bayou_crossing
D:2:      first_bread, minmay_misc_feat_x, okawaru_trees_2
D:3:      vehumet_altar_wand_db, uniq_jessica
D:4:      old_standard_altar, grunt_pakellas_basics
D:5:      black_bear_nest_1, elyvilon_altar_4, minmay_temple_entry_butterflies,
          hangedman_abyss_or_decor_passed
D:7:      kennysheep_windowed_halls, lemuel_crystal_altar, enter_bailey_1
D:8:      bloody_trog, kennysheep_little_box, hangedman_pestilent_swarm,
          nicolae_gozag_zags_fifth_avenue, uniq_gastronok, uniq_pikel,
          uniq_erica
D:9:      lemuel_crystal_altar, fedhas_altar_3, uniq_maurice
D:11:     lair_0_dummy, david_orc_3, minivault_23, kennysheep_pointless_box
D:12:     serial_column_ruins, column_ruins_open_large,
          column_ruins_open_medium, column_ruins_open_tiny, column_ruins_grid_1,
          column_ruins_columns_corner, column_ruins_corridor_straight,
          kennysheep_generic_room_13, uniq_fannar
D:13:     grunt_vaults_entry_fortified, serial_shops, kennysheep_mini,
          uniq_nessos
D:14:     tso_altar
D:15:     grunt_enter_depths_hoard, portal_ice_cave_entry_ice_beasts,
          uniq_rupert
Temple:   zaba_magenta_temple_12
Lair:2:   serial_bayou_pond_a
Lair:3:   basic_altar, lemuel_fruit_fields, uniq_maud
Lair:4:   spider_nest_entry_funnel_web, beast_lair_carwin_6
Lair:5:   lightli_volcano_entry_magma_tube, hangedman_lair_generics_rect,
          infiniplex_staircase_pool_2
Lair:6:   minmay_swamp_entry_swarm, minmay_slime_entry_pillars,
          lemuel_fruit_tree
Lair:8:   evil_forest, special_room, lemuel_oklob_altar
Swamp:1:  hangedman_swamp_ruin_wall, swamp_pool1, hangedman_swamp_lotus
Swamp:2:  hangedman_swamp_cone, swamp_pool3, nicolae_swamp_spriggan_camp
Swamp:3:  evilmike_swamp_ruin_house_3, swamp_pool3, st_swamp_mini, uniq_nikola
Swamp:4:  swamp_basic_johnstein, swamp_pool5, uniq_jorgrun
Spider:1: nicolae_spider_hall_of_the_moth_king, uniq_azrael
Spider:2: nicolae_spider_corner, spider_trap, nicolae_trapdoor_corridor,
          nicolae_spider_cling_halls, uniq_frances, uniq_norris, uniq_donald
Spider:3: spiders_nest_spider_trap, uniq_asterion, uniq_arachne
Spider:4: grunt_spider_rune_parallel
Orc:2:    uniq_sonja
Orc:3:    serial_shops, nicolae_shop_stone, shop, shop_coins, shop,
          nicolae_shop_statue_plus, nicolae_orc_pool_cavern
Orc:4:    st_orc_congregation, serial_shops,
          nicolae_shop_competitors_out_of_business, guppyfry_library_mini,
          uniq_snorg
Elf:1:    eino_elf_arrival_sip, serial_shops, shop_statue,
          kennysheep_underground_church
Elf:2:    serial_shops, nicolae_shop_stone, uniq_louise
Elf:3:    minmay_elf_hall_four_x
Vaults:1: ontoclasm_vaults_twist, vaults_room_stairs_pillars, v_misc_27,
          v_misc_17, nicolae_vaults_asterisk, v_rooms_4,
          vaults_standard_mumra_lines, ontoclasm_vaults_pinch,
          nicolae_vaults_circle_grid_b, v_alt_pattern_1, vaults_room_door_ring,
          uniq_saint_roka
Vaults:2: ontoclasm_vaults_shuriken, vaults_standard_mumra_x,
          nicolae_vaults_puzzle_piece, kennysheep_vaults_gozag_temple,
          v_misc_10, hangedman_vaults_stream, blue_anna_dwarven_crypt,
          v_rooms_2, ontoclasm_vaults_fault, vaults_room_corners, serial_shops,
          shop_fountains
Vaults:3: nicolae_vaults_what_the_h, vaults_room_grid, vaults_dpeg_diagonal,
          v_misc_9, v_misc_28, v_misc_32, ontoclasm_vaults_chip,
          nicolae_vaults_yaktaur_gun_rack
Vaults:4: grunt_vaults_swirl, v_misc_12, v_misc_18, grunt_vaults_trifunnel,
          vaults_mumra_minichess, v_misc_17, vaults_mumra_minichess_inversion,
          serial_shops, nicolae_shop_temple_entry_statues_fountains
Vaults:5: serial_shops
Depths:1: hangedman_stitches_corridor, grunt_hell_entry_demonic_statue,
          hangedman_decor_clover_reticule, minmay_variable_closet,
          grunt_ministairs_6, hangedman_decor_diamond_cutter,
          kennysheep_generic_room_6, serial_bayou_shore_b
Depths:2: kennysheep_demon_jail, hangedman_tar_grid_catacomb, serial_shops,
          nicolae_shop_stone, minmay_hollow_rounded_squares,
          minmay_staircase_windowed_large, serial_bayou_shore_a
Depths:3: hangedman_screamer, serial_sigils, serial_sigils_hangedman_carve,
          serial_sigils_hangedman_stare, serial_sigils_hangedman_leer,
          serial_sigils_hangedman_gnaw, serial_sigils_hangedman_shear,
          serial_sigils_hangedman_scar, abyss_entry, hell_entry, pan_entry,
          minivault_11, uniq_margery
Depths:4: minmay_smoke_and_mirrors, enter_ziggurat_a, abyss_entry, hellmouth_1
Depths:5: grunt_zot_entry_hairpin, minmay_misc_feat_ornament, pf_coc_iceberg,
          kennysheep_random_hallway, basic_stair_grate_trap
Zot:1:    grunt_megastairs_2
Zot:2:    grunt_megastairs_4
Zot:3:    st_stairs_4, hangedman_zot_wheel_spokes
Zot:4:    basic_stair_grate_trap
Zot:5:    hangedman_zot_decor_checkerboard
Bailey:   bailey_axe_2, bailey
IceCv:    ice_cave_statue_garden_02
Volcano:  volcano_aerie

Action                   |  1- 3 |  4- 6 |  7- 9 | 10-12 | 13-15 | 16-18 | 19-21 | 22-24 | 25-27 || total
-------------------------+-------+-------+-------+-------+-------+-------+-------+-------+-------++-------
Melee: Mace              |    61 |   112 |   354 |   161 |       |       |       |       |       ||   688
       Whip              |       |       |       |   947 |       |       |       |       |       ||   947
       Lance             |       |       |       |    69 |  1779 |  2468 |  2168 |  2173 |   442 ||  9099
       Flail             |       |       |       |    29 |       |       |       |       |       ||    29
 Fire: Blowgun           |       |    19 |    50 |    40 |     3 |       |       |       |       ||   112
Throw: Tomahawk          |       |       |       |     2 |       |       |       |       |       ||     2
       Throwing net      |       |       |       |       |       |       |       |     3 |     1 ||     4
 Cast: Pain              |    18 |       |       |       |       |       |       |       |       ||    18
Invok: Quick Charge      |       |       |     1 |    26 |    11 |     9 |     1 |     2 |       ||    50
       Device Surge      |       |       |       |       |       |     1 |       |       |       ||     1
 Abil: Evoke Invisibilit |       |       |       |     4 |     1 |       |       |       |       ||     5
       Turn Visible      |       |       |       |     2 |       |       |       |       |       ||     2
       Evoke Berserk Rag |       |       |       |       |     2 |       |       |       |       ||     2
Evoke: Wand              |       |     8 |    22 |    80 |    57 |    67 |    11 |    15 |     4 ||   264
       Box of beasts     |       |       |       |     2 |     2 |     2 |     2 |     5 |     3 ||    16
       Rod               |       |       |       |    15 |     4 |     3 |    10 |     5 |       ||    37
       Deck              |       |       |       |       |     4 |       |       |     5 |       ||     9
       Fan of gales      |       |       |       |       |       |     2 |     1 |       |       ||     3
       Lamp of fire      |       |       |       |       |       |       |     1 |       |       ||     1
       Horn of Geryon    |       |       |       |       |       |       |       |     2 |     3 ||     5
       Sack of spiders   |       |       |       |       |       |       |       |     1 |       ||     1
  Use: Scroll            |     5 |     1 |    11 |     9 |    10 |     3 |    17 |    17 |     1 ||    74
       Potion            |       |       |     1 |       |     1 |     3 |     1 |     1 |       ||     7
 Stab: Invisible         |       |       |       |     8 |     3 |       |     2 |    37 |       ||    50
       Distracted        |       |       |       |       |     2 |     6 |     3 |    17 |     5 ||    33
       Sleeping          |       |       |       |       |    17 |     9 |    10 |    10 |       ||    46
       Confused          |       |       |       |       |     1 |     4 |       |     6 |       ||    11
       Paralysed         |       |       |       |       |       |    21 |       |       |       ||    21
       Held in net/web   |       |       |       |       |       |       |       |     5 |     5 ||    10
  Eat: Chunk             |     1 |     8 |    10 |    32 |    25 |    12 |    14 |     7 |       ||   109
       Pizza             |       |       |     1 |       |       |     2 |       |       |       ||     3
       Royal jelly       |       |       |       |     5 |     6 |       |       |       |       ||    11
       Fruit             |       |       |       |     1 |       |     2 |       |       |       ||     3
       Beef jerky        |       |       |       |       |     1 |     4 |     3 |     1 |       ||     9
       Meat ration       |       |       |       |       |     1 |     2 |     1 |       |       ||     4
       Bread ration      |       |       |       |       |       |     1 |     2 |     9 |     1 ||    13

Vault maps used:
D:1:      minmay_arrival_nine_rooms, kennysheep_minor_cross, eino_curves_02,
          minmay_misc_feat_roman, serial_bayou_crossing
D:2:      first_bread, minmay_misc_feat_x, okawaru_trees_2
D:3:      vehumet_altar_wand_db, uniq_jessica
D:4:      old_standard_altar, grunt_pakellas_basics
D:5:      black_bear_nest_1, elyvilon_altar_4, minmay_temple_entry_butterflies,
          hangedman_abyss_or_decor_passed
D:7:      kennysheep_windowed_halls, lemuel_crystal_altar, enter_bailey_1
D:8:      bloody_trog, kennysheep_little_box, hangedman_pestilent_swarm,
          nicolae_gozag_zags_fifth_avenue, uniq_gastronok, uniq_pikel,
          uniq_erica
D:9:      lemuel_crystal_altar, fedhas_altar_3, uniq_maurice
D:11:     lair_0_dummy, david_orc_3, minivault_23, kennysheep_pointless_box
D:12:     serial_column_ruins, column_ruins_open_large,
          column_ruins_open_medium, column_ruins_open_tiny, column_ruins_grid_1,
          column_ruins_columns_corner, column_ruins_corridor_straight,
          kennysheep_generic_room_13, uniq_fannar
D:13:     grunt_vaults_entry_fortified, serial_shops, kennysheep_mini,
          uniq_nessos
D:14:     tso_altar
D:15:     grunt_enter_depths_hoard, portal_ice_cave_entry_ice_beasts,
          uniq_rupert
Temple:   zaba_magenta_temple_12
Lair:2:   serial_bayou_pond_a
Lair:3:   basic_altar, lemuel_fruit_fields, uniq_maud
Lair:4:   spider_nest_entry_funnel_web, beast_lair_carwin_6
Lair:5:   lightli_volcano_entry_magma_tube, hangedman_lair_generics_rect,
          infiniplex_staircase_pool_2
Lair:6:   minmay_swamp_entry_swarm, minmay_slime_entry_pillars,
          lemuel_fruit_tree
Lair:8:   evil_forest, special_room, lemuel_oklob_altar
Swamp:1:  hangedman_swamp_ruin_wall, swamp_pool1, hangedman_swamp_lotus
Swamp:2:  hangedman_swamp_cone, swamp_pool3, nicolae_swamp_spriggan_camp
Swamp:3:  evilmike_swamp_ruin_house_3, swamp_pool3, st_swamp_mini, uniq_nikola
Swamp:4:  swamp_basic_johnstein, swamp_pool5, uniq_jorgrun
Spider:1: nicolae_spider_hall_of_the_moth_king, uniq_azrael
Spider:2: nicolae_spider_corner, spider_trap, nicolae_trapdoor_corridor,
          nicolae_spider_cling_halls, uniq_frances, uniq_norris, uniq_donald
Spider:3: spiders_nest_spider_trap, uniq_asterion, uniq_arachne
Spider:4: grunt_spider_rune_parallel
Orc:2:    uniq_sonja
Orc:3:    serial_shops, nicolae_shop_stone, shop, shop_coins, shop,
          nicolae_shop_statue_plus, nicolae_orc_pool_cavern
Orc:4:    st_orc_congregation, serial_shops,
          nicolae_shop_competitors_out_of_business, guppyfry_library_mini,
          uniq_snorg
Elf:1:    eino_elf_arrival_sip, serial_shops, shop_statue,
          kennysheep_underground_church
Elf:2:    serial_shops, nicolae_shop_stone, uniq_louise
Elf:3:    minmay_elf_hall_four_x
Vaults:1: ontoclasm_vaults_twist, vaults_room_stairs_pillars, v_misc_27,
          v_misc_17, nicolae_vaults_asterisk, v_rooms_4,
          vaults_standard_mumra_lines, ontoclasm_vaults_pinch,
          nicolae_vaults_circle_grid_b, v_alt_pattern_1, vaults_room_door_ring,
          uniq_saint_roka
Vaults:2: ontoclasm_vaults_shuriken, vaults_standard_mumra_x,
          nicolae_vaults_puzzle_piece, kennysheep_vaults_gozag_temple,
          v_misc_10, hangedman_vaults_stream, blue_anna_dwarven_crypt,
          v_rooms_2, ontoclasm_vaults_fault, vaults_room_corners, serial_shops,
          shop_fountains
Vaults:3: nicolae_vaults_what_the_h, vaults_room_grid, vaults_dpeg_diagonal,
          v_misc_9, v_misc_28, v_misc_32, ontoclasm_vaults_chip,
          nicolae_vaults_yaktaur_gun_rack
Vaults:4: grunt_vaults_swirl, v_misc_12, v_misc_18, grunt_vaults_trifunnel,
          vaults_mumra_minichess, v_misc_17, vaults_mumra_minichess_inversion,
          serial_shops, nicolae_shop_temple_entry_statues_fountains
Vaults:5: serial_shops
Depths:1: hangedman_stitches_corridor, grunt_hell_entry_demonic_statue,
          hangedman_decor_clover_reticule, minmay_variable_closet,
          grunt_ministairs_6, hangedman_decor_diamond_cutter,
          kennysheep_generic_room_6, serial_bayou_shore_b
Depths:2: kennysheep_demon_jail, hangedman_tar_grid_catacomb, serial_shops,
          nicolae_shop_stone, minmay_hollow_rounded_squares,
          minmay_staircase_windowed_large, serial_bayou_shore_a
Depths:3: hangedman_screamer, serial_sigils, serial_sigils_hangedman_carve,
          serial_sigils_hangedman_stare, serial_sigils_hangedman_leer,
          serial_sigils_hangedman_gnaw, serial_sigils_hangedman_shear,
          serial_sigils_hangedman_scar, abyss_entry, hell_entry, pan_entry,
          minivault_11, uniq_margery
Depths:4: minmay_smoke_and_mirrors, enter_ziggurat_a, abyss_entry, hellmouth_1
Depths:5: grunt_zot_entry_hairpin, minmay_misc_feat_ornament, pf_coc_iceberg,
          kennysheep_random_hallway, basic_stair_grate_trap
Zot:1:    grunt_megastairs_2
Zot:2:    grunt_megastairs_4
Zot:3:    st_stairs_4, hangedman_zot_wheel_spokes
Zot:4:    basic_stair_grate_trap
Zot:5:    hangedman_zot_decor_checkerboard
Bailey:   bailey_axe_2, bailey
IceCv:    ice_cave_statue_garden_02
Volcano:  volcano_aerie
